AoeStats
← Eugenius

Black Forest

506937211Analyzed
4v4 RM · 17d ago on Sep 15, 2026· 40m 28s· 8 players
Game mode
Random Map
Map size
Large (8 player)
Population
200
Speed
Normal
Resources
Standard
Victory
Conquest
Starting age
Dark Age
Ending age
Imperial Age
RankedLock teamsTeams togetherTeam positionsShared explorationLock speedFull tech treeHidden civsTurbo modeCheats
Victory
Defeat
🇦🇹 Persians · Austria
1719
+16
🇩🇪 Inca · Germany
1695
+17
🇩🇪 Koreans · Germany
1679
+18
🇺🇸 Khmer · United States
1638
+20
🇲🇽 Spanish · Mexico
1764
-20
🇺🇸 Italians · United States
1760
-19
🇲🇽 Gurjaras · Mexico
1706
-17
🇵🇪 Ethiopians · Peru
1653
-15
Xololo
0:49 Loom
12:43 Feudal Age
15:29 Castle Age
13:47 Double-Bit Axe
14:09 Horse Collar
16:14 Town Watch
22:00 Wheelbarrow
22:59 Fortified Wall
27:01 Heavy Plow
30:47 Bow Saw
34:06 Imperial Age
31:31 Stone Mining
31:44 Gold Mining
35:21 Conscription
36:26 Chemistry
35:47 Ballistics
36:08 Crop Rotation
36:43 Gold Shaft Mining
36:57 Hand Cart
36:59 Double Crossbow
38:30 Onager
39:23 Siege Engineers
Obuk
1:55 Loom
11:35 Feudal Age
12:28 Town Watch
16:31 Castle Age
14:36 Horse Collar
16:16 Double-Bit Axe
17:56 Heavy Plow
18:42 Bow Saw
20:47 Scale Mail Armor
22:31 Wheelbarrow
22:35 Champi Runner
25:00 Hand Cart
25:37 Chain Mail Armor
25:15 Gold Mining
25:16 Stone Mining
25:52 Squires
26:43 Fortified Wall
26:44 Forging
31:21 Imperial Age
29:21 Treadmill Crane
29:27 Champi Warrior
31:39 Iron Casting
32:38 Plate Mail Armor
32:08 Arson
33:52 Gold Shaft Mining
33:48 Crop Rotation
33:54 Stone Shaft Mining
34:08 Conscription
36:35 Blast Furnace
35:02 Elite Champi Warrior
37:11 Fabric Shields
38:47 Sappers
number5
0:25 Loom
11:44 Feudal Age
17:46 Castle Age
16:52 Town Watch
17:45 Double-Bit Axe
17:44 Horse Collar
19:02 Bow Saw
22:50 Fletching
25:56 Wheelbarrow
27:34 Heavy Plow
27:58 Gold Mining
30:21 Fortified Wall
38:17 Imperial Age
36:35 Ballistics
37:35 Bodkin Arrow
38:23 Heavy Rocket Cart
39:43 Hand Cart
39:29 Town Patrol
MacesB
10:35 Feudal Age
11:16 Double-Bit Axe
14:04 Castle Age
13:00 Horse Collar
15:12 Bow Saw
15:40 Heavy Plow
19:41 Forging
22:21 Wheelbarrow
24:32 Hand Cart
25:47 Caravan
27:08 Coinage
26:59 Stone Mining
27:01 Gold Mining
28:27 Gold Shaft Mining
28:28 Stone Shaft Mining
28:11 Caravan
28:47 Town Watch
28:48 Loom
32:30 Imperial Age
30:43 Masonry
31:40 Scale Barding Armor
31:38 Husbandry
31:48 Bloodlines
31:23 Light Cavalry
33:15 Chain Barding Armor
33:45 Conscription
34:14 Iron Casting
36:49 Plate Barding Armor
38:00 Blast Furnace
36:21 Elite War Elephant
quesarito
0:26 Loom
11:56 Feudal Age
12:27 Double-Bit Axe
17:13 Horse Collar
17:30 Fletching
17:41 Padded Archer Armor
22:40 Castle Age
23:36 Bodkin Arrow
23:50 Heavy Plow
26:55 Wheelbarrow
28:10 Bow Saw
29:34 Crossbowman
32:46 Imperial Age
31:00 Thumb Ring
31:12 Leather Archer Armor
32:17 Hand Cart
32:34 Ballistics
32:38 Fortified Wall
34:18 Crop Rotation
34:49 Two-Man Saw
loco_angel
7:38 Loom
9:41 Feudal Age
16:28 Forging
16:18 Horse Collar
17:19 Scale Barding Armor
19:32 Bloodlines
24:57 Castle Age
24:30 Gold Mining
25:52 Heavy Plow
25:40 Double-Bit Axe
25:35 Light Cavalry
26:15 Husbandry
27:42 Wheelbarrow
30:10 Hand Cart
30:26 Chain Barding Armor
30:42 Iron Casting
35:36 Imperial Age
33:15 Scale Mail Armor
33:31 Town Watch
34:24 Chain Mail Armor
33:35 Pikeman
34:15 Squires
34:01 Arson
§Y¶# Ä
1:58 Loom
10:28 Feudal Age
15:39 Castle Age
14:34 Double-Bit Axe
18:07 Redemption
19:49 Husbandry
24:48 Fervor
26:16 Sanctity
26:08 Scale Barding Armor
Eugenius
9:25 Feudal Age
11:35 Fletching
19:38 Castle Age
22:58 Town Watch
27:45 Imperial Age
28:48 Gold Mining
30:58 Crossbowman
35:38 Fortified Wall
Connection lost

Rejoining the realm…

Still unreachable

The connection could not be restored.

Session expired

The server has moved on; the page needs a fresh start.